 Dungeon Crawl Stone Soup version 0.15-a0-1387-gd422dff (webtiles) character file.

98198 Chiseanne the Acrobat (level 15, -8/86 HPs)
             Began as a Spriggan Assassin on June 10, 2014.
             Was the Champion of Dithmenos.
             Shot with an arrow by a deep elf master archer (23 damage)
             ... on Level 3 of the Elven Halls on June 11, 2014.
             The game lasted 04:17:40 (35400 turns).

Chiseanne the Acrobat (Spriggan Assassin)          Turns: 35400, Time: 04:17:40

HP  -8/86        AC  5     Str  7      XL: 15   Next: 74%
MP  36/36        EV 42     Int 13      God: Dithmenos [******]
Gold 118         SH  0     Dex 24      Spells:  7 memorised, 14 levels left

rFire  + + .     SeeInvis +     a - +4,+5 short sword (drain)
rCold  . . .     Clarity  +     R - -2 robe of Hospitality {rF+ MR++ Acc+3}
rNeg   . . .     rCorr    .     (shield restricted)
rPois  .         rRot     .     T - +2 hat
rElec  .         Spirit   .     C - +2 cloak {MR+}
SustAb .         Warding  .     (gloves unavailable)
rMut   .         Stasis   .     (boots unavailable)
Gourm  .                        k - amulet of clarity
MR     +++++                    B - ring of protection from fire
                                E - ring of regeneration

@: wreathed by umbra, very quick, almost entirely resistant to hostile
enchantments, incredibly stealthy
A: unfitting armour, hooves 1, see invisible, herbivore 3, speed 3, slow
metabolism 2
a: Shadow Step, Shadow Form, Renounce Religion


You were on level 3 of the Elven Halls.
You worshipped Dithmenos.
Dithmenos was exalted by your worship.
You were not hungry.

You visited 5 branches of the dungeon, and saw 27 of its levels.
You visited 1 bazaar.
You also visited: Labyrinth, Ice Cave and Volcano.

You collected 2282 gold pieces.
You spent 2164 gold pieces at shops.

Inventory:

Hand weapons
 a - a +4,+5 short sword of draining (weapon)
 f - a +2,+0 short sword of draining
 g - the +1,+1 spear "Dunu" {holy, rPois rC+ Dex-2}
   (You bought it in a shop on level 3 of the Orcish Mines)

   It has been blessed by the Shining One to cause great damage to the undead
   and demons.
   It affects your dexterity (-2).
   It protects you from cold.
   It protects you from poison.
 j - a +0,+7 demon trident of electrocution
 q - the +3,+4 crossbow of Cleten {velocity, Stlth-}
   (You found it on level 5 of the Dungeon)

   Any bolt fired from it inflicts extra damage.
   It makes you less stealthy.
 s - a +1,+3 short sword of venom
 w - a +1 blowgun
 G - a +3,+1 crossbow of velocity
 I - a +2,+4 vampiric cutlass
 S - a +2,+1 cutlass of protection
 U - a +1,+1 long sword of draining
 X - a +3,+6 crossbow
Missiles
 e - 3 bolts of frost
 l - 41 bolts
 o - 98 poisoned needles
 K - 8 tomahawks of dispersal (quivered)
 O - 14 bolts of penetration
Armour
 i - a +1 robe of positive energy
 C - a +2 cloak of magic resistance (worn)
 R - the -2 robe of Hospitality (worn) {rF+ MR++ Acc+3}
   (You found it on level 9 of the Dungeon)

   It affects your accuracy with ranged weapons and melee attacks (+3).
   It protects you from fire.
   It affects your resistance to hostile enchantments.
 T - a +2 hat (worn)
Magical devices
 r - a wand of teleportation (4)
 P - a wand of teleportation (1)
 Q - a wand of digging (15)
 V - a wand of cold (0)
Comestibles
 b - 18 bread rations
 h - 12 fruits
 A - 3 royal jellies
Scrolls
 d - 2 scrolls of enchant armour
 n - 9 scrolls of identify
 p - 2 scrolls of fear
 v - a scroll of enchant weapon III
 x - 8 scrolls of teleportation
 y - 5 scrolls of fog
 F - 17 scrolls of remove curse
Jewellery
 k - an amulet of clarity (around neck)
 z - the ring of False Pretenses {rElec MR+ Stlth-}
   (You bought it in a shop on level 6 of the Dungeon)

   [ring of protection from magic]

   It insulates you from electricity.
   It affects your resistance to hostile enchantments.
   It makes you less stealthy.
 B - a ring of protection from fire (right hand)
 D - an uncursed ring of stealth {unknown}
 E - a ring of regeneration (left hand)
 H - an uncursed ring of ice
 Z - an uncursed amulet of stasis
Potions
 m - 8 potions of curing
 t - 4 potions of restore abilities
 u - 2 potions of lignification
 J - 2 potions of berserk rage
 M - 5 potions of flight
Books
 c - a book of Debilitation

   Spells                             Type                      Level
   Corona                             Hexes                        1
   Slow                               Hexes                        2
   Inner Flame                        Hexes/Fire                   3
   *Enslavement                       Hexes                        4
   *Cause Fear                        Hexes                        4
   *Leda's Liquefaction               Hexes/Earth                  4
 L - a book of Control

   Spells                             Type                      Level
   Control Teleport                   Charms/Translocation         4
   Control Undead                     Necromancy                   4
   *Enslavement                       Hexes                        4
   Metabolic Englaciation             Hexes/Ice                    5
   Mass Confusion                     Hexes                        6
 N - a book of Transfigurations

   Spells                             Type                      Level
   Stoneskin                          Transmutation/Earth          2
   Ice Form                           Ice/Transmutation            4
   Statue Form                        Transmutation/Earth          6
   Dragon Form                        Transmutation                7


   Skills:
 - Level 13.3 Fighting
 - Level 6.8 Short Blades
 - Level 7.2 Crossbows
 - Level 2.1 Throwing
 - Level 23.3 Dodging
 + Level 19.0 Stealth
 - Level 10.4 Spellcasting
 - Level 10.4 Hexes


You had 14 spell levels left.
You knew the following spells:

 Your Spells              Type           Power        Failure   Level  Hunger
a - Tukima's Dance        Hex            ####....     1%          3    ##.....
b - Confuse               Hex            ####....     1%          3    ##.....
c - Enslavement           Hex            ####....     1%          4    ###....
d - Cause Fear            Hex            ####......   1%          4    ###....
e - Leda's Liquefaction   Hex/Erth       ###.......   14%         4    ###....
f - Apportation           Tloc           #.........   12%         1    None
g - Summon Butterflies    Summ           #.......     12%         1    None


Dungeon Overview and Level Annotations

Branches:
Dungeon (11/15)            Temple (1/1) D:7             Orc (4/4) D:11
    Elf (3/3) Orc:3          Lair (8/8) D:9           Swamp (0/5) Lair:6
 Spider (0/5) Lair:6        Slime (0/6) Lair:7

Altars:
Ashenzari
Cheibriados
Dithmenos
Elyvilon
Fedhas
Gozag
Kikubaaqudgha
Makhleb
Nemelex Xobeh
Okawaru
Qazlal
Sif Muna
Trog
Vehumet
Xom
Yredelemnul
Zin
The Shining One
Beogh

Shops:
D:6 =   D:7 (   D:10 [   Orc:1 [   Orc:3 (?(   Orc:4 **:(   Elf:1 :   Elf:3 :

Annotations:
D:4 jsk's ghost, experienced VSBe
D:10 Amnekian's ghost, powerful OgFi


Innate Abilities, Weirdness & Mutations

You are tiny and cannot use many weapons and most armour.
You have supernaturally acute eyesight.
You are a herbivore.
You cover ground extremely quickly.
You need consume almost no food.
You have large cloven feet.


Message History

Your shadow hits the deep elf master archer with a short sword.
The deep elf master archer shoots an arrow.
The arrow completely misses you.
You hit the deep elf master archer. You kick the deep elf master archer.
The deep elf master archer is moderately wounded.
The deep elf master archer shoots an arrow.
The arrow hits you!!
You emit a cloud of dark smoke.
The deep elf master archer shoots an arrow.
The arrow hits you!!
* * * LOW HITPOINT WARNING * * *
Things that are here:
an arrow; a dagger Drink which item? (? for menu, Esc to quit)
Okay, then.
Read which item? (? for menu, Esc to quit)
As you read the scroll of fog, it crumbles to dust.
The scroll dissolves into smoke.
The deep elf master archer shoots an arrow.
The arrow hits you!!
You die...

#)...(...).)#
#.....[.....#
#...........#
#...........#
#...........#
#...........#
###.§§§§..###
##§e§§(##
###@### #§#
#)# ##(# ####
#..# #..###
#.## #
#..[.######.#
#
#.♣......[[.#
##
#....########
#.


You could see a deep elf master archer.

Vanquished Creatures
  Mara (twice) (Elf:3)
  A deep elf blademaster (Elf:3)
  Rupert (Lair:6)
  2 deep elf sorcerers (Elf:3)
  Gastronok (D:9)
  3 deep elf annihilators (Elf:3)
  A deep elf demonologist (Elf:3)
  Snorg (Elf:2)
  A minotaur (Lab)
  A deep elf death mage (Elf:3)
  3 deep elf high priests (Elf:3)
  3 hydras
  A ravenous feature mimic (Lair:8)
  Erica (D:11)
  The ghost of ilii the Basher, an experienced MiFi of Gozag (D:7)
  21 death yaks
  An orc high priest (Elf:3)
  4 catoblepae (Lair:8)
  Erolcha (D:8)
  An ice devil (IceCv)
  2 hill giants
  2 ice statues (IceCv)
  5 deep elf summoners
  Urug (D:11)
  9 orc knights
  Joseph (Lair:1)
  2 orc sorcerers (Elf:3)
  7 deep elf conjurers
  A faun (Lair:1)
  2 cyclopes
  An oklob plant (Lair:6)
  6 elephants (Lair:8)
  A toenail golem (Volcano)
  2 unseen horrors
  10 black mambas
  Maurice (D:8)
  2 feature mimics
  2 gargoyles
  A molten gargoyle (Volcano)
  A smoke demon (Volcano)
  A red devil (Volcano)
  16 spiny frogs
  A centaur zombie (D:10)
  5 komodo dragons
  A troll (D:9)
  2 fire drakes
  4 deep elf priests
  6 blue devils
  A polar bear (Elf:2)
  Sonja (D:11)
  Prince Ribbit (D:8)
  4 blink frogs
  A boulder beetle (Lair:8)
  12 deep elf magi
  6 basilisks
  2 shadows
  A spriggan (D:7)
  10 ugly things
  5 hippogriffs
  A fire bat (Volcano)
  A steam dragon (D:9)
  6 hungry ghosts (Lab)
  9 wargs
  A wyvern (Lair:7)
  15 deep elf fighters
  7 soldier ants (Lair:7)
  Menkaure (D:4)
  14 wolves
  A queen ant (Lair:7)
  38 yaks
  38 orc warriors
  2 sky beasts (D:9)
  6 ice beasts
  11 ogres
  7 centaurs
  3 sharks
  A black bear (D:4)
  10 porcupines
  A necrophage (D:7)
  11 crocodiles
  3 griffons
  A manticore skeleton (D:9)
  Duvessa (D:5)
  16 giant frogs
  11 water moccasins
  4 big kobolds
  An eye of draining (D:10)
  A yak skeleton (D:9)
  3 electric eels
  A hippogriff skeleton (D:10)
  A troll skeleton (D:7)
  Dowan (D:5)
  8 jellies
  20 orc priests
  A quasit (D:11)
  5 crimson imps
  2 goliath beetles
  6 big fish
  A giant frog skeleton (D:7)
  A giant frog zombie (D:6)
  17 orc wizards
  9 hounds
  29 worker ants
  7 iguanas
  A swamp drake (D:11)
  3 scorpions
  A gnoll shaman (D:9)
  10 sheep
  2 sky beast zombies
  Ijyb (D:3)
  Jessica (D:2)
  An ogre zombie (D:7)
  A hound zombie (D:6)
  Terence (D:2)
  12 gnolls
  A worker ant zombie (D:10)
  22 adders
  59 green rats
  An orc skeleton (D:6)
  2 white imps (IceCv)
  3 shadow imps
  2 giant mites
  5 worms
  An adder skeleton (D:5)
  6 giant geckos
  3 oozes
  192 orcs
  16 bats
  5 giant cockroaches
  13 hobgoblins
  19 jackals
  37 kobolds
  14 quokkas
  A ball python (D:4)
  2 giant newts (D:3)
  A gnoll skeleton (D:5)
  17 goblins
  A hobgoblin zombie (D:6)
  8 rats
  6 fungi
  3 plants
998 creatures vanquished.

Vanquished Creatures (collateral kills)
  A deep elf sorcerer (Elf:3)
  A deep elf mage (Elf:3)
  A fungus (Lair:8)
3 creatures vanquished.

Vanquished Creatures (others)
  An elf zombie (Elf:3)
  A red devil (Elf:3)
  A hydra skeleton (D:8)
  An orange rat (Elf:1)
  6 white imps (IceCv)
  5 ufetubi (IceCv)
  2 fungi
  7 plants
24 creatures vanquished.

Grand Total: 1025 creatures vanquished

Notes
Turn   | Place    | Note
--------------------------------------------------------------
     0 | D:1      | Chiseanne, the Spriggan Assassin, began the quest for the Orb.
     0 | D:1      | Reached XP level 1. HP: 10/10 MP: 2/2
    28 | D:1      | Reached skill level 6 in Stealth
   255 | D:1      | Reached XP level 2. HP: 14/14 MP: 4/4
   718 | D:1      | Reached skill level 7 in Stealth
  1085 | D:1      | Reached XP level 3. HP: 14/18 MP: 6/6
  1183 | D:2      | Noticed Terence
  1489 | D:2      | Found a shadowy altar of Dithmenos.
  1495 | D:2      | Became a worshipper of Dithmenos the Shadowed
  1543 | D:2      | Noticed Jessica
  1600 | D:2      | Reached skill level 8 in Stealth
  1606 | D:2      | Killed Jessica
  1631 | D:2      | Reached XP level 4. HP: 15/22 MP: 8/8
  1667 | D:2      | Killed Terence
  1732 | D:2      | Reached skill level 9 in Stealth
  2117 | D:2      | Reached XP level 5. HP: 12/25 MP: 10/10
  2432 | D:2      | Found a glowing golden altar of the Shining One.
  2433 | D:2      | Found a radiant altar of Vehumet.
  2435 | D:2      | Found a stormy altar of Qazlal.
  2523 | D:3      | Noticed Ijyb
  2532 | D:3      | Killed Ijyb
  2533 | D:3      | Reached skill level 10 in Stealth
  2828 | D:3      | Found a burning altar of Makhleb.
  3021 | D:4      | Noticed Menkaure
  3031 | D:4      | Killed Menkaure
  3031 | D:4      | Reached skill level 11 in Stealth
  3031 | D:4      | Reached XP level 6. HP: 30/30 MP: 12/12
  3400 | D:4      | Reached skill level 12 in Stealth
  3702 | D:4      | Noticed jsk's ghost (experienced VSBe)
  4549 | D:4      | Reached XP level 7. HP: 33/33 MP: 14/14
  4810 | D:4      | Noticed a black bear
  4824 | D:4      | Killed a black bear
  5007 | D:5      | Entered Level 5 of the Dungeon
  5076 | D:5      | Found an ancient bone altar of Kikubaaqudgha.
  5079 | D:5      | Noticed Dowan
  5080 | D:5      | Noticed Duvessa
  5118 | D:5      | Killed Duvessa
  5151 | D:5      | Killed Dowan
  5370 | D:5      | Got an encrusted crossbow
  5371 | D:5      | Identified the +3,+4 crossbow of Cleten {velocity, Stlth-} (You found it on level 5 of the Dungeon)
  6006 | D:5      | Acquired Dithmenos' first power
  6240 | D:6      | Reached XP level 8. HP: 42/42 MP: 16/16
  6734 | D:6      | Found Usiocy's Jewellery Shoppe.
  6767 | D:6      | Reached skill level 5 in Fighting
  6853 | D:6      | Got a crude iron ring
  6868 | D:6      | Identified the ring of Suspected Treachery {+/*Tele rC+ Int+2} (You found it on level 6 of the Dungeon)
  7100 | D:7      | Acquired Dithmenos' second power
  7183 | D:7      | Found Jeejuerr's Antique Weapon Shop.
  7271 | D:7      | Noticed ilii's ghost (experienced MiFi)
  7380 | D:7      | Killed ilii's ghost
  7380 | D:7      | Reached XP level 9. HP: 24/51 MP: 18/18
  7674 | D:7      | Reached skill level 13 in Stealth
  7744 | D:7      | Found a staircase to the Ecumenical Temple.
  7748 | Temple   | Entered the Ecumenical Temple
  7883 | D:7      | Reached skill level 1 in Crossbows
  8119 | D:8      | Learned a level 3 spell: Tukima's Dance
  8230 | D:8      | Noticed Erolcha
  8373 | D:8      | Killed Erolcha
  8555 | D:8      | Noticed Prince Ribbit
  8561 | D:8      | Killed Prince Ribbit
  8599 | D:8      | Reached XP level 10. HP: 57/57 MP: 19/19
  8635 | D:8      | Acquired Dithmenos' third power
  8682 | D:8      | Noticed Maurice
  8715 | D:8      | Killed Maurice
  8715 | D:8      | Reached skill level 14 in Stealth
  8984 | D:9      | Reached skill level 5 in Crossbows
  9186 | D:9      | Got a thick robe
  9192 | D:9      | Identified the cursed -2 robe of Hospitality {rF+ MR++ Acc+3} (You found it on level 9 of the Dungeon)
  9500 | D:9      | Noticed Gastronok
  9509 | D:9      | Killed Gastronok
  9509 | D:9      | Reached skill level 5 in Dodging
  9509 | D:9      | Reached skill level 15 in Stealth
  9658 | D:9      | Reached XP level 11. HP: 23/62 MP: 20/20
  9882 | D:9      | Reached skill level 1 in Spellcasting
  9903 | D:9      | Found a staircase to the Lair.
  9957 | D:9      | Acquired Dithmenos' fourth power
 10155 | D:9      | Reached skill level 1 in Hexes
 10236 | D:10     | Entered Level 10 of the Dungeon
 10281 | D:10     | Noticed Amnekian's ghost (powerful OgFi)
 10697 | D:10     | Found Brar's Antique Armour Emporium.
 11185 | D:10     | Noticed a hill giant
 11255 | D:10     | Killed a hill giant
 11678 | D:10     | Noticed an unseen horror
 11760 | D:10     | Reached skill level 5 in Short Blades
 11783 | D:10     | Killed an unseen horror
 12276 | D:6      | Bought the ring of False Pretenses {rElec MR+ Stlth-} for 451 gold pieces
 12396 | D:9      | Reached skill level 16 in Stealth
 12635 | D:11     | Noticed Urug
 12758 | D:11     | Killed Urug
 13061 | D:11     | Noticed Sonja
 13068 | D:11     | Killed Sonja
 13111 | D:11     | Noticed a hill giant
 13125 | D:11     | Killed a hill giant
 13125 | D:11     | Reached skill level 5 in Spellcasting
 13125 | D:11     | Reached skill level 5 in Hexes
 13698 | D:11     | Found a staircase to the Orcish Mines.
 13774 | D:11     | Noticed Erica
 13777 | D:11     | Killed Erica
 13782 | D:11     | Learned a level 3 spell: Confuse
 14010 | Lair:1   | Entered Level 1 of the Lair of Beasts
 14062 | Lair:1   | Found a labyrinth entrance.
 14090 | Lair:1   | Learned a level 1 spell: Apportation
 14092 | Lair:1   | Learned a level 1 spell: Summon Butterflies
 14097 | Lair:1   | Learned a level 4 spell: Leda's Liquefaction
 14102 | Lab      | Entered a labyrinth
 14325 | Lab      | Noticed an unseen horror
 14347 | Lab      | Killed an unseen horror
 14558 | Lab      | Reached XP level 12. HP: 66/66 MP: 30/30
 14752 | Lab      | Noticed a minotaur
 14760 | Lab      | Killed a minotaur
 14772 | Lab      | Identified the Incunabulum of the Spatial Glacier
 14773 | Lab      | Got a twisted morningstar
 14773 | Lab      | Got a faintly glowing robe
 14782 | Lab      | Identified the +3 robe of Lymuy {Str+2 Int+4} (You found it in a labyrinth)
 14797 | Lab      | Identified the +11,+6 morningstar of Phil {flame, rElec} (You found it in a labyrinth)
 14877 | Lair:1   | Reached skill level 10 in Dodging
 14917 | Lair:1   | Noticed Joseph
 14933 | Lair:1   | Killed Joseph
 15246 | Lair:1   | Noticed a six-headed hydra
 15645 | Lair:1   | Killed a seven-headed hydra
 15944 | Lair:2   | Reached skill level 15 in Dodging
 17291 | Lair:2   | Reached skill level 17 in Dodging
 17724 | Lair:3   | Reached skill level 18 in Dodging
 18327 | Lair:4   | Reached skill level 19 in Dodging
 18795 | Lair:4   | Reached XP level 13. HP: 70/70 MP: 31/31
 18917 | Lair:4   | Reached skill level 20 in Dodging
 18952 | Lair:4   | Identified a scroll of acquirement
 20015 | Lair:6   | Found a hole to the Spider Nest.
 20216 | Lair:6   | Reached skill level 21 in Dodging
 20418 | Lair:6   | Found a staircase to the Swamp.
 20454 | Lair:6   | Noticed Rupert
 20488 | Lair:6   | Killed Rupert
 20537 | Lair:6   | Found a deep blue altar of Sif Muna.
 21259 | Lair:7   | Reached skill level 22 in Dodging
 21685 | Lair:7   | Found a staircase to the Slime Pits.
 22080 | Lair:8   | Entered Level 8 of the Lair of Beasts
 22713 | Lair:8   | Gained mutation: You have large cloven feet. [potion of beneficial mutation]
 23122 | Lair:8   | Reached skill level 23 in Dodging
 23125 | Lair:8   | Reached XP level 14. HP: 36/75 MP: 13/32
 24016 | Lair:8   | Got a jewelled quarterstaff
 24018 | Lair:8   | Identified the +3,+5 quarterstaff of Fundamental Breach {venom, Contam rN+} (You found it on level 8 of the Lair of Beasts)
 24328 | Lair:8   | Reached skill level 10 in Fighting
 24991 | Orc:1    | Entered Level 1 of the Orcish Mines
 25107 | Orc:1    | Found Mnun's Armour Shop.
 25894 | Orc:3    | Found Miackesa's Antique Weapon Shop.
 26020 | Orc:3    | Bought a faintly glowing spear for 272 gold pieces
 26022 | Orc:3    | Identified the +1,+1 spear "Dunu" {holy, rPois rC+ Dex-2} (You bought it in a shop on level 3 of the Orcish Mines)
 26027 | Orc:3    | Found Thuacrit's Magic Scroll Shoppe.
 26040 | Orc:3    | Bought a scroll of identify for 28 gold pieces
 26040 | Orc:3    | Bought a scroll of fear for 49 gold pieces
 26040 | Orc:3    | Bought a scroll of fog for 28 gold pieces
 26040 | Orc:3    | Bought a scroll of teleportation for 42 gold pieces
 26040 | Orc:3    | Bought a scroll of identify for 28 gold pieces
 26574 | Orc:4    | Entered Level 4 of the Orcish Mines
 26645 | Orc:4    | Found a roughly hewn altar of Beogh.
 26667 | Orc:4    | Found a roughly hewn altar of Beogh.
 27312 | Orc:4    | Found a dark tunnel.
 27319 | Volcano  | Entered a volcano
 27458 | Volcano  | Found a bloodstained altar of Trog.
 28067 | Orc:4    | Found Throxe's Assorted Antiques.
 28318 | Orc:4    | Found a roughly hewn altar of Beogh.
 28350 | Orc:4    | Found Thraubra's Assorted Antiques.
 28514 | Orc:4    | Bought a scroll of identify for 66 gold pieces
 28514 | Orc:4    | Bought a scroll of identify for 66 gold pieces
 28514 | Orc:4    | Bought a potion of curing for 66 gold pieces
 28514 | Orc:4    | Bought a runed crossbow for 135 gold pieces
 28719 | Orc:4    | Found Kodeamm's Book Emporium.
 28719 | Orc:4    | Found Schaivez's Weapon Shop.
 29072 | Orc:4    | Bought an encrusted copper ring for 115 gold pieces
 29072 | Orc:4    | Bought a scroll of teleportation for 69 gold pieces
 29253 | Orc:3    | Found Uca Ruuf's Weapon Shoppe.
 29328 | Orc:3    | Found a staircase to the Elven Halls.
 29661 | Elf:1    | Entered Level 1 of the Elven Halls
 29691 | Elf:1    | Found Lowoath's Book Emporium.
 29851 | Elf:1    | Learned a level 4 spell: Enslavement
 30141 | Elf:1    | Reached XP level 15. HP: 86/86 MP: 32/32
 30591 | Elf:2    | Found a flickering gateway to a bazaar.
 30612 | Bazaar   | Entered a bazaar
 30626 | Bazaar   | Found Koped's Antique Weapon Shoppe.
 30642 | Bazaar   | Found Comut's Antique Armour Emporium.
 30666 | Bazaar   | Found Ychapol's Armour Shoppe.
 30666 | Bazaar   | Found Ilagilex's Magic Scroll Emporium.
 30735 | Bazaar   | Bought a pitted dagger for 210 gold pieces
 30739 | Bazaar   | Identified the cursed -1,-2 dagger of Internal Strife {antimagic, rC++ Str+2 Int+2} (You bought it in a shop in a bazaar)
 30779 | Bazaar   | Bought a scroll of brand weapon for 220 gold pieces
 30783 | Bazaar   | Bought a scroll of brand weapon for 220 gold pieces
 30787 | Bazaar   | Bought a scroll of identify for 22 gold pieces
 30787 | Bazaar   | Bought a scroll of identify for 22 gold pieces
 30787 | Bazaar   | Bought a scroll of identify for 22 gold pieces
 30787 | Bazaar   | Bought a scroll of teleportation for 33 gold pieces
 30839 | Elf:2    | Found a frozen archway.
 30845 | IceCv    | Entered an ice cave
 31842 | Elf:2    | Learned a level 4 spell: Cause Fear
 32016 | Elf:2    | Noticed Snorg
 32019 | Elf:2    | Killed Snorg
 32222 | Elf:3    | Entered Level 3 of the Elven Halls
 32354 | Elf:3    | Found Ejeac's Book Shop.
 32977 | Elf:3    | Noticed Mara
 32997 | Elf:3    | Noticed Chiseanne's illusion
 33000 | Elf:3    | Killed Mara
 33000 | Elf:3    | Killed Mara
 33103 | Elf:3    | Noticed a deep elf blademaster
 33195 | Elf:3    | Killed a deep elf blademaster
 33392 | Elf:3    | Reached skill level 10 in Hexes
 33448 | Elf:3    | Noticed a deep elf blademaster
 33457 | Elf:3    | Reached skill level 10 in Spellcasting
 34734 | Elf:3    | Noticed a deep elf blademaster
 35390 | Elf:3    | Noticed a deep elf master archer
 35400 | Elf:3    | Shot with an arrow by a deep elf master archer

Action                   |  1- 3 |  4- 6 |  7- 9 | 10-12 | 13-15 || total
-------------------------+-------+-------+-------+-------+-------++-------
Melee: Short sword       |    51 |   117 |   182 |   771 |  1944 ||  3065
       Dagger            |    35 |       |       |       |       ||    35
       Spear             |       |       |       |       |   102 ||   102
       Unarmed           |       |       |       |       |     4 ||     4
 Fire: Blowgun           |    12 |    24 |    62 |   161 |   183 ||   442
       Crossbow          |       |       |    85 |   228 |   211 ||   524
Throw: Tomahawk          |       |       |       |     1 |       ||     1
 Cast: Tukima's Dance    |       |       |       |     1 |       ||     1
       Confuse           |       |       |       |       |    35 ||    35
       Enslavement       |       |       |       |       |    15 ||    15
       Cause Fear        |       |       |       |       |     9 ||     9
       Leda's Liquefacti |       |       |       |       |     1 ||     1
Invok: Shadow Step       |       |       |       |    14 |    14 ||    28
Evoke: Wand              |       |     5 |     3 |    20 |    13 ||    41
  Use: Scroll            |     6 |     6 |    11 |    21 |    24 ||    68
       Potion            |       |     2 |     2 |     4 |    15 ||    23
 Stab: Sleeping          |     4 |    14 |    28 |    57 |    98 ||   201
       Distracted        |     1 |     4 |     4 |     6 |    17 ||    32
       Invisible         |       |       |       |       |    14 ||    14
       Confused          |       |       |       |       |     9 ||     9
